 Dungeon Crawl Stone Soup version 0.32-a0-120-gfac0567ad4 (webtiles) character file.

Game seed: 10152731574306884417

424 cforsyth the Trooper (level 7, 0/54 HPs)
             Began as a Djinni Warper on Feb 7, 2024.
             Was a Believer of Lugonu.
             Slain by a wyvern (17 damage)
             ... on level 4 of the Dungeon.
             The game lasted 00:04:26 (3116 turns).

cforsyth the Trooper (Djinni Warper)                Turns: 3116, Time: 00:04:26

Health: 0/54       AC:  5    Str: 16    XL:     7   Next: 17%
Gold:   156        EV: 12    Int: 20    God:    Lugonu [**....] SH:  0 Dex: 13

rFire   + + +        (no weapon)
rCold   x . .        (no shield)
rNeg    . . .        b - +0 leather armour
rPois   ∞            l - +0 helmet of Eternal Night {Rampage rF+ Int+4}
rElec   .            e - +0 cloak
rCorr   .            (no gloves)
SInv    .            (boots unavailable)
Will    +....        (no amulet)
Stlth   +            W - ring of willpower
HPRegen 0.29/turn    S - +6 ring of strength
MPRegen 0.00/turn

%: rampage, infuse magic (-1 HP)
@: flying
A: sickness immunity, fire resistance 2, cold vulnerability 1, float, innate
caster, HP casting, extra vitality 1
a: Renounce Religion, Depart the Abyss, Banish


You were on level 4 of the Dungeon.
You worshipped Lugonu.
Lugonu was pleased with you.
You visited 1 branch of the dungeon, and saw 4 of its levels.
You also visited: Sewer.

You collected 156 gold pieces.


Innate Abilities, Weirdness & Mutations

You are immune to sickness and miasma.
You are immune to poison.
Your flesh is very heat resistant. (rF++)
You are vulnerable to cold. (rC-)
You float through the air rather than walking.
You learn spells naturally, not from books.
Your magical power is your life essence.
You have superior vitality. (+4 MHP)


   Skills:
 + Level 5.3 Fighting
 - Level 1.7 Long Blades
 - Level 0.7 Throwing
 - Level 1.0 Armour
 - Level 2.1 Dodging
 + Level 4.7 Spellcasting
 + Level 4.7 Conjurations
 + Level 4.7 Hexes
 + Level 4.7 Summonings
 + Level 4.7 Necromancy
 + Level 4.7 Translocations
 + Level 4.7 Fire Magic
 + Level 4.7 Ice Magic
 + Level 4.7 Air Magic
 + Level 4.7 Earth Magic
 + Level 4.7 Alchemy


You knew the following spells:

 Your Spells              Type           Power      Damage    Failure   Level
d - Static Discharge      Conj/Air       46%        3-5/arc   3%          2
l - Lesser Beckoning      Tloc           46%        N/A       3%          2
m - Manifold Assault      Tloc           23%        N/A       21%         4
t - Teleport Other        Tloc           23%        N/A       6%          3
z - Sandblast             Erth           46%        2d11      1%          1
B - Blink                 Tloc           46%        N/A       3%          2
X - Vhi's Electric Charg  Tloc/Air       46%        N/A       21%         4
Y - Mercury Vapours       Alch/Air       46%        N/A       3%          2
Your spell library was empty.

Inventory:

Hand Weapons
 a - a +1 falchion
Missiles
 d - 7 darts of dispersal {=f=f}
 h - 11 poisoned darts
Armour
 b - a +0 leather armour (worn)
 e - a +0 cloak (worn)
 l - the +0 helmet of Eternal Night (worn) {Rampage rF+ Int+4}
   (You found it on level 3 of the Dungeon)

   Int+4:     It affects your intelligence (+4).
   rF+:       It protects you from fire.
   Rampage:   It bestows one free step when moving towards enemies.
Magical Staves
 n - a staff of cold {!a!a}
Jewellery
 S - a +6 ring of strength (right hand)
 W - a ring of willpower (left hand)
Wands
 w - a wand of flame (11)
Scrolls
 c - 2 scrolls of blinking
 k - 2 scrolls of teleportation {@r2@r2}
 m - a scroll of noise
 o - a scroll of poison
 p - a scroll of vulnerability {unknown}
 s - a scroll of enchant armour {unknown}
 t - 2 scrolls of fog {unknown}
 v - a scroll of silence {unknown}
Potions
 f - 2 potions of haste {unknown}
 g - 4 potions of might {unknown}
 i - a potion of attraction {unknown}
 j - a potion of cancellation {unknown}
 q - 2 potions of mutation {unknown}
 r - 2 potions of curing {unknown}
 u - a potion of brilliance {unknown}

Dungeon Overview and Level Annotations

Branches:
Dungeon (4/15)             Temple (0/1) D:4           Sewer (visited)

Altars:
Wu Jian
Lugonu

.░░.░░.░.......... .......#
░░...░░░░.......####.#.. ....P...
........░░......... .#.. ......PP
'░...░░░░..##.##....... .....P>P
.░░.░░.░..###.....#..## ......PP
..░.░................. .....(..
)░░.░░.#............ # ##.......
.÷░░░.....###..#k.# ..#.#........
.).░......# #..#@##...#..........
..........###.................##.
..)...........................#..
.#..........##.##..........#..#..
###..........####..........#.....
#............................###.
.....##...#.#...........###...###
##...#....#........###........#
#..#..............##....##..##


You could see a wyvern.


Message History

You now have 151 gold pieces (gained 19).
You now have 156 gold pieces (gained 5).
There is an open door here.
You see here a +0 club.
A wyvern comes into view.
A wyvern is nearby!
A wyvern is nearby!
A wyvern is nearby!
A wyvern is nearby!
The blast of sand hits the wyvern.
The wyvern is lightly wounded.
The wyvern hisses angrily.
The blast of sand misses the wyvern.
The wyvern barely misses you.
The wyvern bites you but does no damage.
The blast of sand hits the wyvern!
The wyvern is heavily wounded.
The wyvern closely misses you. The wyvern bites you. The wyvern bites you!
The blast of sand hits the wyvern!
The wyvern is severely wounded.
The wyvern barely misses you. The wyvern closely misses you.
The blast of sand hits the wyvern.
The wyvern is severely wounded.
The wyvern bites you but does no damage.
The wyvern barely misses you.
The blast of sand hits the wyvern.
The wyvern is almost dead.
The wyvern bites you!
* * * LOW HITPOINT WARNING * * *
The wyvern bites you!
You die...

Skill      XL: |  1  2  3  4  5  6 |
---------------+-------------------+-----
Spellcasting   | 3 4 |  4.7
Conjurations   | 3 4 |  4.7
Hexes          | 3 4 |  4.7
Summonings     | 3 4 |  4.7
Necromancy     | 3 4 |  4.7
Translocations | 3 4 |  4.7
Fire Magic     | 3 4 |  4.7
Ice Magic      | 3 4 |  4.7
Air Magic      | 3 4 |  4.7
Earth Magic    | 3 4 |  4.7
Alchemy        | 3 4 |  4.7
Fighting       | 3 4 5 |  5.3
Long Blades    | |  1.7
Throwing       | |  0.7
Armour         | |  1.0
Dodging        | |  2.1

Action                     |  1- 3 |  4- 6 |  7- 9 || total
---------------------------+-------+-------+-------++-------
  Melee: Falchion          |    63 |     2 |       ||    65
         Punch             |     3 |       |       ||     3
   Cast: Sandblast         |    24 |    84 |    17 ||   125
    Use: Scroll            |       |     4 |       ||     4
 Armour: Leather armour    |    58 |    32 |    14 ||   104
  Dodge: Dodged            |    57 |    26 |    18 ||   101

Levels and vault maps discovered:
D:1:      psy_arrival_whirlpool, layout_basic
D:2:      layout_basic, nicolae_ecumenical_pavilion,
          minmay_misc_feat_more_columns
D:3:      layout_basic, nzn_wu_jian_council_hall, portal_sewer_entry_f
D:4:      kennysheep_kobold_camp, layout_cave_pools, marbit_many_paths,
          minmay_temple_entry_overgrown, minmay_fractal_squares_gapless_5

Notes
Turn   | Place    | Note
-------+----------+-------------------------------------------
     0 | D:1      | cforsyth the Djinni Warper began the quest for the Orb.
     0 | D:1      | cforsyth set off with the following spells memorised:
                  | Blink, Lesser Beckoning, Teleport Other, Manifold Assault,
                  | Vhi's Electric Charge.
     0 | D:1      | Reached XP level 1. HP: 18/18 MP: 0/0
    17 | D:1      | Reached skill level 3 in Spellcasting
    17 | D:1      | Reached skill level 3 in Conjurations
    17 | D:1      | Reached skill level 3 in Hexes
    17 | D:1      | Reached skill level 3 in Summonings
    17 | D:1      | Reached skill level 3 in Necromancy
    17 | D:1      | Reached skill level 3 in Translocations
    17 | D:1      | Reached skill level 3 in Fire Magic
    17 | D:1      | Reached skill level 3 in Ice Magic
    17 | D:1      | Reached skill level 3 in Air Magic
    17 | D:1      | Reached skill level 3 in Earth Magic
    17 | D:1      | Reached skill level 3 in Alchemy
   164 | D:1      | Reached XP level 2. HP: 23/23 MP: 0/0
   429 | D:1      | Reached XP level 3. HP: 13/29 MP: 0/0
   429 | D:1      | Learned a level 1 spell: Sandblast
   974 | D:2      | Found a faded altar of an unknown god.
   977 | D:2      | Prayed at the altar of an unknown god.
   977 | D:2      | Became a worshipper of Lugonu the Unformed
   977 | D:2      | Reached * piety under Lugonu
  1065 | D:2      | Reached skill level 3 in Fighting
  1116 | D:2      | Reached XP level 4. HP: 34/35 MP: 0/0
  1976 | D:3      | Reached XP level 5. HP: 29/41 MP: 0/0
  1976 | D:3      | Learned a level 2 spell: Mercury Vapours
  1982 | D:3      | Identified the +0 helmet of Eternal Night {Rampage rF+
                  | Int+4}
  2057 | D:3      | Reached ** piety under Lugonu
  2068 | D:3      | Found a glowing drain.
  2104 | Sewer    | Entered a sewer
  2146 | Sewer    | Reached skill level 4 in Fighting
  2146 | Sewer    | Reached skill level 4 in Spellcasting
  2146 | Sewer    | Reached skill level 4 in Conjurations
  2146 | Sewer    | Reached skill level 4 in Hexes
  2146 | Sewer    | Reached skill level 4 in Summonings
  2146 | Sewer    | Reached skill level 4 in Necromancy
  2146 | Sewer    | Reached skill level 4 in Translocations
  2146 | Sewer    | Reached skill level 4 in Fire Magic
  2146 | Sewer    | Reached skill level 4 in Ice Magic
  2146 | Sewer    | Reached skill level 4 in Air Magic
  2146 | Sewer    | Reached skill level 4 in Earth Magic
  2146 | Sewer    | Reached skill level 4 in Alchemy
  2488 | D:3      | Found an ornate altar of the Wu Jian Council.
  2640 | D:4      | Noticed an ogre
  2646 | D:4      | Killed an ogre
  2647 | D:4      | Reached XP level 6. HP: 40/48 MP: 0/0
  2692 | D:4      | Found a staircase to the Ecumenical Temple.
  2782 | D:4      | Noticed a black bear
  2803 | D:4      | Killed a black bear
  2804 | D:4      | Reached skill level 5 in Fighting
  2808 | D:4      | Reached XP level 7. HP: 32/54 MP: 0/0
  2808 | D:4      | Learned a level 2 spell: Static Discharge
  3109 | D:4      | Noticed a wyvern
  3116 | D:4      | Slain by a wyvern

Vanquished Creatures
  A black bear (D:4)
  An ogre (D:4)
  A bombardier beetle (D:3)
  A hound (D:4)
  A hell rat (Sewer)
  3 gnolls (D:4)
  5 adders
  5 dart slugs
  A ribbon worm (D:2)
  An orc (D:4)
  4 endoplasms
  5 giant cockroaches
  7 goblins
  3 hobgoblins
  7 jackals
  4 quokkas
  4 ball pythons
  9 bats
  3 frilled lizards
  6 kobolds
  8 rats
80 creatures vanquished.

Table legend: (Time is in decaauts)
 A = Elapsed time spent in this place.
 B = Non-inter-level travel time spent in this place.
 C = Inter-level travel time spent in this place.
 D = Time resting spent in this place.
 E = Time spent auto-exploring this place.
 F = Levels seen in this place.
 G = Mean time per level.
                   A        B        C        D        E       F      G
               +--------+--------+--------+--------+--------+-----+--------+
         Total |   3188 |   3102 |     86 |      0 |   2449 |   5 |  637.6 |
       Dungeon |   3096 |   3010 |     86 |      0 |   2390 |   4 |  774.0 |
         Sewer |     91 |     91 |      0 |      0 |     59 |   1 |   91.0 |
               +--------+--------+--------+--------+--------+-----+--------+

Top non-repeatable levels by time:
     D:1: 989 daAuts
     D:2: 983 daAuts
     D:3: 605 daAuts
     D:4: 517 daAuts
   Sewer: 91 daAuts

Table legend:
 A = Non-vault XP
 B = Vault XP
 C = Vault XP percentage of total XP
 D = Non-vault monster count
 E = Vault monster count
 F = Vault count percentage of total count
                 A         B        C        D         E       F
            +---------+---------+-------+---------+---------+-------
      Total |     531 |      76 |  12.5 |      67 |      13 |  16.2
            +---------+---------+-------+---------+---------+-------
        D:1 |      40 |       0 |   0.0 |      19 |       0 |   0.0
        D:2 |      60 |       0 |   0.0 |      27 |       0 |   0.0
        D:3 |      69 |      10 |  12.7 |       8 |       5 |  38.5
        D:4 |     362 |      29 |   7.4 |      13 |       3 |  18.8
      Sewer |       0 |      37 | 100.0 |       0 |       5 | 100.0
            +---------+---------+-------+---------+---------+-------
